AoeStats
← ztarug93

Arena

510135148Analyzed
4v4 RM · 3d ago on Sep 29, 2026· 30m 41s· 8 players
Game mode
Random Map
Map size
Large (8 player)
Population
200
Speed
Normal
Resources
Standard
Victory
Conquest
Starting age
Dark Age
Ending age
Imperial Age
RankedLock teamsTeams togetherTeam positionsShared explorationLock speedFull tech treeHidden civsTurbo modeCheats
Victory
Defeat
🇺🇸 Varangians · United States
1357
+14
🇹🇼 Hindustanis · Taiwan
1352
+15
🇧🇷 Gurjaras · Brazil
1349
+15
🇵🇪 Malians · Peru
1287
+17
🇻🇳 Teutons · Vietnam
1441
-20
🇩🇪 Malay · Germany
1294
-14
🇪🇸 Byzantines · Spain
1280
-14
🇵🇪 Sicilians · Peru
1270
-13
SLAMCOW
10:17 Feudal Age
14:51 Castle Age
13:38 Stone Mining
15:12 Double-Bit Axe
23:56 Bow Saw
24:15 Gold Mining
24:08 Horse Collar
26:56 Wheelbarrow
33:24 Imperial Age
31:11 Hand Cart
kraquen
10:23 Feudal Age
10:38 Loom
22:18 Fletching
26:42 Castle Age
25:21 Stone Mining
26:27 Horse Collar
26:35 Double-Bit Axe
28:04 Bodkin Arrow
29:01 Heavy Plow
29:49 Bow Saw
gw=ar
10:34 Feudal Age
14:36 Castle Age
12:38 Horse Collar
13:34 Double-Bit Axe
15:34 Heavy Plow
15:47 Bow Saw
20:54 Bloodlines
21:45 Gold Mining
22:37 Wheelbarrow
23:13 Stone Mining
25:05 Hand Cart
28:22 Imperial Age
26:32 Gold Shaft Mining
26:29 Scale Barding Armor
26:45 Forging
27:41 Husbandry
28:03 Chain Barding Armor
29:18 Iron Casting
29:19 Grand Trunk Road
31:33 Blast Furnace
31:37 Two-Man Saw
30:07 Heavy Camel Rider
30:41 Town Watch
30:42 Loom
dionathanbh
7:16 Loom
11:11 Feudal Age
20:36 Castle Age
19:23 Double-Bit Axe
21:19 Light Cavalry
Basti8712
11:56 Feudal Age
15:50 Castle Age
14:21 Horse Collar
17:10 Double-Bit Axe
20:38 Pikeman
26:02 Wheelbarrow
ztarug93
12:21 Feudal Age
13:06 Double-Bit Axe
16:07 Castle Age
14:32 Horse Collar
17:05 Bow Saw
26:05 Wheelbarrow
25:43 Heavy Plow
25:29 Pikeman
26:10 Squires
27:42 Forging
27:34 Scale Mail Armor
30:48 Imperial Age
28:04 Loom
28:34 Hand Cart
28:44 Chain Mail Armor
29:28 Ballistics
29:45 Treadmill Crane
29:58 Fletching
变态
6:56 Loom
shogun
5:30 Loom
8:22 Feudal Age
9:46 Fletching
17:38 Wheelbarrow
16:48 Horse Collar
19:01 Double-Bit Axe
25:40 Castle Age
24:21 Stone Mining
24:23 Gold Mining
26:17 Bodkin Arrow
27:34 Bow Saw
27:26 Heavy Plow
Connection lost

Rejoining the realm…

Still unreachable

The connection could not be restored.

Session expired

The server has moved on; the page needs a fresh start.